Map: King's Cove LE

Players

soO

  • Race: Zerg Zerg
  • Spawn Location: 5:00

TSGSolar (Solar) - Winner!

  • Race: Zerg Zerg
  • League: Diamond
  • Spawn Location: 11:00

Event: HomeStory Cup XIX

VOD

Have the link to the VOD?

Description

Time

  • Played on: June 29, 2019, 2:17 p.m.
  • Length: 17:17

All games in this series

Show
View Real Time Build Order
Export as new Build Order

soO Zerg 

Build Orders: Hatch First 

Get SALT Encoding   

  12  0:00  Drone  
  13  0:12  Overlord  
  13  0:18  Drone  
  14  0:30  Drone x2  
  16  0:49  Hatchery  
  15  0:53  Drone  
  15  0:56  Drone  
  17  1:00  Drone  
  18  1:10  Extractor  
  17  1:15  Spawning Pool  
  17  1:18  Drone  
  17  1:22  Drone  
  18  1:30  Drone  
  19  1:45  Overlord  
  19  1:55  Drone  
  20  2:01  Drone, Queen  
  20  2:02  Queen  
  20  2:03  Drone  
  26  2:11  Metabolic Boost  
  26  2:13  Zergling x2  
  26  2:15  Drone  
  28  2:24  Drone  
  28  2:25  Drone  
  30  2:34  Zergling x4  
  32  2:44  Hatchery  
  32  2:46  Drone  
  32  2:47  Drone  
  33  2:58  Baneling Nest, Overlord  
  33  3:02  Drone  
  33  3:06  Zergling x2  
  33  3:12  Drone x2  
  36  3:15  Queen  
  36  3:17  Drone  
  39  3:22  Drone x2  
  39  3:26  Drone  
  42  3:27  Overlord  
  42  3:34  Drone  
  42  3:35  Drone  
  42  3:38  Evolution Chamber  
  43  3:44  Drone  
  44  3:48  Drone  
  44  3:49  Drone x4  
  44  3:52  Drone  
  50  3:58  Drone  
  50  4:00  Baneling x2  
  50  4:01  Drone  
  52  4:03  Extractor  
  52  4:04  Zerg Missile Weapons Level 1, Extractor  
  52  4:09  Drone  
  51  4:11  Drone x2, Roach Warren  
  51  4:13  Drone  
  51  4:15  Zergling x2  
  54  4:20  Drone x2  
  56  4:25  Drone  
  56  4:26  Lair  
  56  4:28  Overlord  
  56  4:33  Drone  
  56  4:36  Overlord  
  56  4:37  Overlord  
  57  4:48  Zergling x6  
  57  4:49  Drone x5  
  65  4:55  Overlord  
  65  4:57  Drone  
  65  4:58  Drone x2  
  68  5:00  Drone x2  
  68  5:05  Drone  
  68  5:06  Drone x4  
  75  5:14  Drone  
  75  5:16  Extractor  
  75  5:17  Drone x2, Extractor  
  75  5:23  Baneling x2  
  75  5:25  Glial Reconstitution  
  75  5:27  Roach x6  
  87  5:34  Overlord  
  87  5:44  Overlord  
  87  5:45  Roach  
  87  5:46  Overlord x2  
  87  5:47  Overseer  
  89  5:54  Overlord  
  89  5:58  Hatchery  
  89  6:02  Pneumatized Carapace  
  88  6:06  Drone x2  
  88  6:07  Drone x2  
  88  6:08  Extractor  
  91  6:13  Overseer  
  91  6:14  Roach x9  
  109  6:24  Zerg Missile Weapons Level 2  
  109  6:26  Drone x2  
  109  6:29  Overlord  
  109  6:32  Roach x7  
  125  6:35  Overlord  
  125  6:38  Roach x2  
  129  6:44  Overlord  
  129  6:46  Overlord  
  129  6:48  Roach  
  130  6:54  Roach  
  130  6:55  Roach x2  
  130  6:58  Overlord  
  130  6:59  Roach x2  
  130  7:00  Roach x2  
  144  7:07  Overlord x2  
  144  7:10  Roach x5  
  154  7:19  Overlord  
  154  7:23  Roach x4  
  154  7:24  Roach  
  164  7:30  Baneling x4  
  164  7:32  Ravager x3  
  164  7:33  Ravager x2  
  169  7:38  Roach x4  
  168  7:52  Roach x8  
  168  7:55  Roach x2  
  188  7:58  Baneling x2  
  188  8:01  Baneling  
  188  8:02  Baneling  
  188  8:08  Drone x9  
  188  8:12  Ravager  
  197  8:26  Roach  
  199  8:27  Ravager  
  198  8:41  Ravager  
  198  8:42  Overlord  
  198  8:51  Overlord  
  196  9:00  Overlord  
  196  9:05  Roach  
  192  9:10  Roach x3  
  192  9:15  Roach  
  192  9:16  Roach x10  
  185  9:17  Roach x2  
  185  9:18  Roach x5  
  185  9:20  Roach  
  176  9:32  Roach  
  176  9:33  Roach x5  
  188  9:38  Overseer x3  
  188  9:42  Ravager x3  
  188  9:43  Ravager  
  188  9:45  Ravager  
  193  9:48  Roach x3  
  199  10:07  Spine Crawler  
  199  10:08  Spine Crawler  
  199  10:09  Spine Crawler  
  199  10:10  Overseer  
  199  10:11  Spine Crawler  
  199  10:13  Roach x2  
  199  10:31  Overseer  
  199  10:35  Roach x5  
  198  10:41  Roach x2  
  198  10:42  Roach x2  
  196  10:47  Ravager  
  196  10:48  Ravager x2  
  195  11:01  Roach x2  
  199  11:09  Spire  
  199  11:10  Extractor  
  197  11:11  Extractor  
  197  11:18  Hatchery, Roach x3  
  195  11:20  Roach  
  195  11:23  Roach x5  
  189  11:33  Roach x5  
  193  11:51  Overseer  
  193  11:53  Roach x2  
  192  11:59  Roach x6  
  193  12:15  Drone  
  194  12:18  Drone x2  
  191  12:40  Roach x5  
  179  13:06  Roach x10  
  199  13:23  Zerg Ground Armor Level 1  
  197  13:35  Overseer  
  197  13:41  Roach x2  
  192  13:56  Roach  
  192  13:57  Drone, Roach x3  
  198  14:12  Ravager  
  195  14:29  Ravager x2  
  195  14:30  Ravager  
  198  14:33  Hydralisk Den  
  195  14:55  Roach x2  
  199  15:01  Spawning Pool  
  143  15:38  Grooved Spines  
  143  15:41  Roach x14  
  156  15:52  Hydralisk x12  
  156  15:53  Lurker Den  
  177  15:57  Roach  
  177  15:58  Roach x2  
  177  15:59  Overlord x2  
  177  16:01  Overlord  
  183  16:08  Hatchery  
  183  16:10  Overlord x2  
  183  16:11  Ravager  
  183  16:30  Roach x8  
  199  16:37  Infestation Pit  
  196  16:45  Roach x10  
  196  16:58  Roach  
Show
View Real Time Build Order
Export as new Build Order

TSGSolar Zerg - Winner!

Build Orders: Hatch First, Lurkers, Roach Hydra 

Get SALT Encoding   

  12  0:01  Drone  
  13  0:12  Overlord  
  13  0:18  Drone  
  14  0:31  Drone x2  
  16  0:49  Hatchery  
  15  0:53  Drone  
  15  0:56  Drone  
  17  1:00  Drone  
  18  1:10  Extractor  
  17  1:15  Spawning Pool  
  17  1:18  Drone  
  17  1:22  Drone  
  18  1:28  Drone  
  19  1:39  Drone  
  20  1:49  Overlord  
  20  2:02  Zergling x4, Queen x2  
  26  2:11  Metabolic Boost  
  26  2:15  Drone x2  
  26  2:22  Drone x2  
  30  2:40  Hatchery  
  30  2:41  Drone  
  30  2:43  Drone  
  31  2:46  Drone  
  31  2:50  Overlord  
  32  2:59  Drone  
  32  3:02  Drone  
  32  3:03  Baneling Nest  
  32  3:04  Zergling x2  
  34  3:06  Zergling x2  
  34  3:10  Drone  
  36  3:13  Drone x2  
  36  3:16  Drone  
  36  3:18  Drone  
  40  3:20  Drone  
  40  3:23  Zergling x2  
  40  3:27  Overlord  
  41  3:31  Drone  
  42  3:37  Drone  
  43  3:44  Queen  
  43  3:46  Baneling  
  43  3:47  Baneling, Zergling x4  
  47  3:49  Drone x3  
  47  3:52  Drone  
  51  3:56  Drone x3  
  51  4:00  Overlord  
  54  4:06  Drone x2  
  56  4:11  Drone  
  56  4:13  Evolution Chamber  
  56  4:15  Drone x2  
  58  4:17  Overlord  
  58  4:19  Drone  
  58  4:20  Drone x2  
  61  4:26  Spore Crawler  
  61  4:30  Lair, Roach Warren  
  61  4:31  Drone x2  
  62  4:33  Drone  
  62  4:37  Zergling x2, Extractor x2  
  62  4:38  Zergling x2  
  63  4:40  Zerg Missile Weapons Level 1  
  63  4:41  Drone  
  64  4:46  Zergling x2  
  64  4:47  Overlord  
  64  4:48  Drone x2  
  64  4:50  Drone  
  64  4:52  Drone x2  
  70  4:54  Zergling x2  
  70  4:55  Drone  
  70  4:57  Drone x2  
  74  5:01  Overlord  
  74  5:03  Overlord  
  74  5:06  Drone  
  74  5:07  Pneumatized Carapace  
  74  5:08  Extractor  
  74  5:09  Drone, Extractor  
  74  5:11  Drone  
  74  5:17  Drone  
  74  5:18  Drone  
  74  5:20  Drone  
  75  5:22  Drone x2  
  75  5:24  Drone x4  
  75  5:28  Overlord  
  81  5:29  Glial Reconstitution  
  81  5:32  Overlord  
  81  5:34  Extractor  
  80  5:36  Overseer  
  80  5:37  Overseer  
  80  5:45  Hatchery  
  80  5:46  Roach x4  
  80  5:47  Drone  
  88  5:55  Roach x4  
  88  5:56  Overlord  
  96  5:59  Overlord  
  96  6:01  Roach  
  97  6:05  Roach  
  97  6:06  Roach x2  
  97  6:09  Roach x2  
  107  6:11  Overlord  
  107  6:13  Roach  
  109  6:18  Baneling x2  
  109  6:19  Roach  
  109  6:20  Roach x2  
  109  6:22  Overlord  
  115  6:27  Roach x2  
  119  6:33  Roach x4  
  119  6:34  Overlord  
  119  6:38  Drone  
  119  6:39  Hydralisk Den  
  127  6:45  Drone, Overlord  
  127  6:46  Roach x2, Spore Crawler  
  131  6:54  Drone  
  130  6:56  Roach x4  
  138  7:04  Drone x3  
  141  7:09  Overlord  
  141  7:13  Hydralisk x3, Grooved Spines  
  147  7:15  Lurker Den  
  147  7:16  Ravager  
  147  7:18  Hydralisk x2  
  147  7:21  Drone  
  150  7:24  Overlord  
  150  7:25  Hydralisk  
  150  7:28  Roach  
  152  7:30  Zerg Missile Weapons Level 2  
  152  7:33  Roach x2  
  156  7:40  Roach x4  
  156  7:42  Overlord  
  163  7:44  Roach  
  163  7:49  Roach  
  163  7:50  Roach x3  
  172  7:52  Overlord  
  172  7:54  Overlord  
  172  7:57  Ravager x3  
  175  8:00  Roach x2  
  175  8:02  Roach x2  
  175  8:05  Overlord  
  183  8:07  Overlord  
  183  8:11  Roach x2  
  187  8:13  Overseer, Extractor  
  187  8:15  Roach x2  
  184  8:26  Drone x2  
  184  8:27  Drone x5  
  184  8:28  Drone  
  187  8:37  Roach x4  
  187  8:38  Roach  
  195  8:41  Roach  
  195  8:44  Lurker x2  
  195  8:46  Lurker  
  197  8:49  Roach  
  197  8:52  Roach  
  197  8:53  Lurker  
  200  9:00  Overlord  
  200  9:03  Burrow  
  200  9:05  Tunneling Claws  
  186  9:10  Roach x4  
  186  9:12  Roach x2  
  176  9:17  Roach x2  
  176  9:18  Roach  
  176  9:21  Roach x2  
  154  9:26  Drone x2  
  154  9:27  Drone  
  154  9:28  Muscular Augments  
  157  9:31  Ravager  
  157  9:32  Lurker  
  157  9:33  Hydralisk  
  157  9:36  Hydralisk  
  163  9:40  Hydralisk  
  163  9:41  Hydralisk  
  167  9:46  Drone x2  
  167  9:48  Hydralisk x2  
  167  9:49  Hydralisk  
  167  9:52  Overseer  
  175  9:55  Extractor  
  175  9:56  Roach  
  175  9:57  Roach  
  178  10:02  Roach x3  
  178  10:05  Lurker  
  185  10:08  Roach  
  185  10:09  Roach x2  
  185  10:13  Roach x3  
  197  10:18  Roach  
  199  10:22  Roach  
  199  10:32  Roach  
  199  10:33  Roach x2  
  199  10:34  Roach  
  199  10:36  Roach x8  
  199  10:41  Roach x2, Nydus Network  
  194  10:43  Roach  
  194  10:44  Roach x3  
  198  10:52  Roach  
  196  11:05  Roach x2  
  196  11:08  Drone  
  196  11:10  Infestation Pit  
  198  11:19  Hydralisk x4  
  198  11:22  Roach  
  198  11:23  Roach  
  198  11:24  Roach x11  
  196  11:26  Nydus Canal  
  196  11:30  Overlord x3  
  196  11:31  Overlord x2  
  196  11:32  Overlord  
  190  11:34  Overlord  
  190  11:37  Overlord  
  188  11:51  Roach x3  
  188  11:53  Roach x3  
  188  11:54  Roach  
  200  11:58  Roach x9  
  200  12:05  Roach  
  196  12:09  Hive  
  196  12:13  Drone x4  
  200  12:19  Nydus Canal  
  200  12:21  Hatchery  
  197  12:23  Roach x4  
  197  12:24  Drone, Roach x3  
  197  12:25  Drone x3  
  193  12:30  Hydralisk x3  
  193  12:32  Drone  
  198  12:47  Roach x4  
  198  12:51  Hydralisk x4  
  189  12:53  Roach  
  189  12:56  Roach  
  199  13:02  Lurker  
  199  13:03  Lurker x2  
  199  13:04  Roach x4  
  188  13:09  Hydralisk x5  
  188  13:10  Roach  
  200  13:25  Nydus Canal  
  200  13:28  Spore Crawler  
  200  13:30  Roach x6, Spore Crawler  
  200  13:31  Spore Crawler  
  200  13:32  Spore Crawler  
  200  13:33  Adaptive Talons  
  190  13:34  Viper x3  
  190  13:38  Zerg Missile Weapons Level 3  
  193  13:41  Evolution Chamber  
  193  13:43  Hydralisk x4  
  200  13:49  Spore Crawler  
  200  13:51  Spore Crawler  
  198  13:56  Lurker  
  198  13:57  Lurker  
  200  14:05  Hydralisk  
  198  14:12  Extractor  
  189  14:37  Roach  
  189  14:38  Roach x4  
  199  14:42  Nydus Canal  
  199  14:50  Zerg Ground Armor Level 1  
  199  14:57  Extractor  
  199  14:58  Spine Crawler, Lurker x3  
  176  15:14  Hydralisk x13  
  176  15:17  Roach x5  
  176  15:18  Roach x4  
  198  15:23  Roach  
  198  15:27  Roach  
  198  15:28  Roach  
  195  15:30  Roach x2  
  195  15:31  Roach  
  199  15:38  Roach  
  199  15:39  Roach  
  199  15:40  Roach  
  199  15:41  Roach x2  
  199  15:42  Roach  
  199  15:43  Roach  
  199  15:46  Lurker  
  194  15:58  Hydralisk x3  
  194  15:59  Spore Crawler  
  194  16:03  Hydralisk  
  197  16:06  Lurker x6  
  197  16:07  Lurker  
  200  16:15  Nydus Canal  
  197  16:42  Hydralisk x3  
Tags
 
Add a new tag
Caveats
  • Supply blocks, unpowered buildings, or Contaminate may cause inaccurate times.
  • Supply counts are checked every 10 seconds.